Unix NetHack Version 5.0.0-0 post-release - last build May 23 2026 06:08:33 (1c0ff79ee797540d5714e4e18072db0edd9e58ae,branch:main).

Game began 2026-05-23 17:09:46, ended 2026-05-23 17:27:25.

Atomicjoy, chaotic male elven Wizard

                              ---------                              ---------
              --------         .......|    -----------               |.......|
              |...<..|           ...{.|####..........|               ........|
   ------     |......|            .h.  #   |......k..-#              |.......|
   |....|     |.......#  #         .   #   |.........|#              - ----.--
   |....-#    |......|##############j[#####--------.--#                   ##
   |....|#####........#           ##j@##  ####    ##  #                   #
   |....+#    --------                       #    #   #          ##########
   ------                                    ######   ## #       #
                                       ########        # #-------.--------
                                  -----.---------      #%#|.......|......|
                                  |..............####### #|..............|
                                  |.............|        #|..............|
                                  |.............|        #-...........>..|
                                  ----------|--+-         ----------------

Atomicjoy the Conjurer    St:10 Dx:12 Co:10 In:19 Wi:9 Ch:16  Chaotic
Dlvl:5  $:35 HP:25(25) Pw:15(33) AC:9  Xp:3/79 T:1354  Burdened

Latest messages:
 The large kobold hits!
 Are you sure you want to pray? [yn] (n) y
 You begin praying to Anhur.
 You are surrounded by a shimmering light.
 You finish your prayer.
 You feel that Anhur is well-pleased.
 You feel much better.
 In what direction? 6
 The spell hits the large kobold!
 You kill the large kobold!
 A white potion shatters!
 You smell a peculiar odor...
 Call a white potion: peculiar odor
 You miss the lichen.
 You kill the lichen!
 Welcome to experience level 2.
 You hear some noises.
 You hear some noises in the distance.
 You hear some noises.
 You hear some noises in the distance.
 You hear some noises.
 You hear some noises in the distance.
 You hear some noises.
 You hear some noises in the distance.
 You hear some noises.
 In what direction? 4
 The spell misses the blue jelly.
 In what direction? 4
 The spell misses the blue jelly.
 In what direction? 4
 The spell misses the blue jelly.
 You don't have enough energy to cast that spell.
 Playbass' ghost touches you!
 Playbass' ghost touches you!
 You hear some noises in the distance.
 In what direction? 4
 The spell hits the blue jelly!
 You are beginning to feel hungry.
 What do you want to eat? [pqvwGHV or ?*] ?
 You resume your meal.
 You finish eating the food ration.
 In what direction? 4
 The spell hits the blue jelly!
 The blue jelly resists!
 The spell hits Casey!
 You kill poor Casey!
 Welcome to experience level 3.
 You hear the rumble of distant thunder...
 Really quit without saving? [yn] (n) y
 Do you want your possessions identified? [ynq] (y) q

Inventory:
 Coins    ('$')
  $ - 35 gold pieces
 Weapons  (')')
  D - a cursed +1 dagger
  a - a blessed +1 quarterstaff (weapon in hands)
 Armor    ('[')
  E - a cursed +0 pair of speed boots
  F - a cursed +2 cloak of displacement
  b - an uncursed +0 cloak of magic resistance (being worn)
  u - an uncursed +0 dwarvish cloak
 Comestibles  ('%')
  q - an uncursed slime mold
  G - a cursed carrot
  p - an uncursed cram ration
  H - 5 cursed cram rations
  w - an uncursed food ration
  v - an uncursed tripe ration
 Scrolls  ('?')
  C - an uncursed scroll of create monster
  k - a blessed scroll of enchant weapon
  J - a cursed scroll of enchant weapon
  i - an uncursed scroll of identify
  x - an uncursed scroll of light
  r - a blessed scroll of remove curse
  j - an uncursed scroll of remove curse
  I - a cursed scroll of teleportation
 Spellbooks  ('+')
  m - an uncursed spellbook of detect monsters
  z - an uncursed spellbook of detect monsters
  l - a blessed spellbook of force bolt
  t - a cursed spellbook of jumping
 Potions  ('!')
  g - an uncursed potion of full healing
  A - 3 uncursed potions of healing
  h - an uncursed potion of monster detection
  M - a cursed potion of restore ability
  L - a cursed potion of sickness
  y - an uncursed potion of sleeping
  f - an uncursed potion of speed
  K - a potion of unholy water
 Rings    ('=')
  d - an uncursed ring of conflict
  O - an uncursed -1 ring of increase damage
  Q - a cursed ring of poison resistance
  e - an uncursed ring of searching
  R - a cursed ring of searching
  P - a cursed ring of slow digestion
  N - a cursed ring of stealth
 Wands    ('/')
  c - a wand of speed monster (0:8)
 Tools    ('(')
  o - an uncursed tooled horn
  n - a magic marker (0:20)
  S - a cursed magic whistle
  T - a cursed tin opener
  U - a cursed towel
 Gems/Stones  ('*')
  s - an uncursed worthless piece of yellow glass

Atomicjoy the Wizard's attributes:

Background:
 You were a Conjurer, a level 3 male elven Wizard.
 You were chaotic, on a mission for Anhur
 who was opposed by Ptah (lawful) and Thoth (neutral).
 You were right-handed.
 You were in the Dungeons of Doom, on level 5.
 You entered the dungeon 1354 turns ago.
 You had 79 experience points, 1 more was needed to attain level 4.

Basics:
 You had all 25 hit points.
 You had 15 out of 33 energy points (spell power).
 Your armor class was 9.
 Your wallet contained 35 zorkmids.
 Autopickup was off.

Final Characteristics:
 Your strength was 10 (limit:18).
 Your dexterity was 12 (limit:18).
 Your constitution was 10 (limit:16).
 Your intelligence was 19 (limit:20).
 Your wisdom was 9 (limit:20).
 Your charisma was 16 (limit:18).

Final Status:
 You weren't hungry.
 You were burdened; movement was slightly slowed.
 You were wielding a quarterstaff.
 You had basic skill with quarterstaff.

Final Attributes:
 You were haltingly aligned.
 You were magic-protected.
 You had infravision.
 You were warded.
 You were unlucky.
 You survived.

Miscellaneous:
 You encountered 1 bones level.
 Total elapsed playing time was 17 minutes and 36 seconds.

Major events:
 Turn
    1: Atomicjoy the chaotic male elven Wizard entered the dungeon
  458: entered the Gnomish Mines
 1352: attained the rank of Conjurer (level 3)
 1354: quit

Spells:
 Name                 Level Category     Fail Retention
 force bolt             1   attack         0%  91%-100%
 detect monsters        1   divination     0%  76%-100%

Skills:
 Fighting Skills
   bare handed combat [Unskilled]
   riding             [Unskilled]
 Weapon Skills
   dagger             [Unskilled]
   knife              [Unskilled]
   axe                [Unskilled]
   short sword        [Unskilled]
   club               [Unskilled]
   mace               [Unskilled]
   quarterstaff       [Basic]
   polearms           [Unskilled]
   spear              [Unskilled]
   trident            [Unskilled]
   sling              [Unskilled]
   dart               [Unskilled]
   shuriken           [Unskilled]
 Spellcasting Skills
   attack spells      [Basic]
   healing spells     [Unskilled]
   divination spells  [Unskilled]
   enchantment spells [Basic]
   clerical spells    [Unskilled]
   escape spells      [Unskilled]
   matter spells      [Unskilled]

Voluntary challenges:
 Character rerolling was not enabled.
 You were illiterate.
 You never genocided any monsters.
 You never polymorphed an object.
 You never changed form.
 You used no wishes.
Achievements:
 You entered the Gnomish Mines.
 You entered a shop.
 You attained the rank of Conjurer.

 The Dungeons of Doom: levels 1 to 5
    Level 1:
       A fountain.
    Level 2:
       Stairs down to The Gnomish Mines.
    Level 3:
       A food shop, many fountains.
    Level 4:
       Some fountains.
    Level 5: <- You were here.
       A fountain, a grave.
       Final resting place for
          playbass-Ran-Hum-Mal-Neu, killed by a blue jelly.
 The Gnomish Mines:
    Level 3:


Vanquished creatures:
  a large dog
  2 shriekers
  a little dog
  a kobold leader
 an orc zombie
  a large kobold
  2 jackals
  a sewer rat
  4 grid bugs
  3 lichens
  5 newts
22 creatures vanquished.

No species were genocided or became extinct.

Goodbye Atomicjoy the Wizard...

You quit in The Dungeons of Doom on dungeon level 5 with 591 points,
and 35 pieces of gold, after 1354 moves.
You were level 3 with a maximum of 25 hit points when you quit.

